 Dungeon Crawl Stone Soup version 0.20-a0-556-g892c87b (webtiles) character file.

98 ChocoNymphy the Bolt Thrower (level 4, -3/60 HPs)
             Began as a Naga Hunter on Feb 4, 2017.
             Was an Initiate of Gozag.
             Slain by an ogre
             ... wielding a +0 giant club
              (7 damage)
             ... on level 3 of the Dungeon on Feb 5, 2017.
             The game lasted 00:13:49 (1922 turns).

ChocoNymphy the Bolt Thrower (Naga Hunter)          Turns: 1922, Time: 00:13:50

Health: -3/60      AC: 22    Str: 13 (15) XL:     4   Next: 69%
Magic:  4/4        EV:  1    Int: 10 (12) God:    Gozag
Gold:   233        SH:  0    Dex:  9 (11) Spells: 3/3 levels left

rFire    . . .     SeeInvis +   a - +1 hand crossbow
rCold    . . .     Gourm    .   (armour currently unavailable)
rNeg     + + +     Faith    .   (no shield)
rPois    +         Spirit   .   (helmet currently unavailable)
rElec    .         Reflect  .   (cloak currently unavailable)
rCorr    .         Harm     .   (gloves currently unavailable)
MR       .....     NoTele   +   (no barding)
Stlth    ++........             (no amulet)
Regen    0.2/turn               (no ring)
                                (no ring)

@: tree-form, very slightly contaminated, hasted, very quick
A: see invisible, (deformed body), (poison resistance), (slowness 0), slow
metabolism 1, spit poison 1, AC +1
a: Spit Poison, Potion Petition, Call Merchant, Bribe Branch, Renounce Religion


You were on level 3 of the Dungeon.
You worshipped Gozag.
Gozag was aware of your devotion.
You were not hungry.
You were a tree.
You visited 1 branch of the dungeon, and saw 3 of its levels.

You collected 249 gold pieces.
You paid 16 gold pieces to Gozag.

Inventory:

Hand Weapons
 a - a +1 hand crossbow (weapon)
 b - a +0 short sword
 g - a cursed -3 short sword
 j - a cursed -3 short sword
Missiles
 d - 34 bolts (quivered)
 i - 57 sling bullets
 p - 16 poisoned needles
Armour
 c - a +0 leather armour (melded)
 t - a +3 scale mail of magic resistance
Magical Staves
 q - an uncursed staff of earth {unknown}
Jewellery
 e - a cursed amulet of inaccuracy {unknown}
Wands
 s - a wand of lightning (5/15)
Scrolls
 k - 2 scrolls of identify
 r - a scroll of remove curse
Comestibles
 f - 2 bread rations
 v - a meat ration


   Skills:
 + Level 2.8 Fighting
 + Level 4.7 Crossbows
 + Level 0.7 Armour
 + Level 1.8 Dodging
 + Level 1.7 Stealth


You had 3 spell levels left.
You didn't know any spells.

Dungeon Overview and Level Annotations

Branches:
Dungeon (3/15)

Altars:
Gozag


Innate Abilities, Weirdness & Mutations

You cannot wear boots.
((Your serpentine skin is tough. (AC +1)))
You have supernaturally acute eyesight. (SInv)
((Armour fits poorly on your strangely shaped body.))
((Your system is resistant to poisons. (rPois)))
((You cover ground very slowly.))
You have a slow metabolism.
You can spit poison.


Message History

You are very lightly contaminated with residual magic.
It was a potion of degeneration.
There was something very wrong with that liquid.
You feel weakened.
You feel dopey.
You feel clumsy. The ogre hits you but does no damage.
As you read the scroll labeled ADYFEPREARR, it crumbles to dust.
It is a scroll of identify.
t - a +2 scale mail of magic resistance
As you read the scroll labeled XIEHUBB BUAKH, it crumbles to dust.
You feel blessed for a moment.
It was a scroll of remove curse.
The ogre hits you with a giant club!
* * * LOW HITPOINT WARNING * * *
As you read the scroll labeled JYEPRO NEEROIN, it crumbles to dust.
It is a scroll of enchant armour.
Your +2 scale mail of magic resistance glows green for a moment.
As you read the scroll labeled INGI ULITSU, it crumbles to dust.
Your brain hurts!
It was a scroll of random uselessness.
The ogre hits you with a giant club!
You die...
Your body crumbles into a pile of gold.

#........# #........#
#........# #........#
#........# #..).....#
#........#
##############........#
..^....>.....♣O(......#
#######.######........#
#.........(........#
#...........####..##
#...........# ##(#
#...........### ..#
#.............. ..(.
#...........# #.##[
#...........## .. #


You could see an ogre.

Vanquished Creatures
  6 adders
  2 worms (D:2)
  A dart slug (D:2)
  4 ball pythons (D:2)
  2 giant cockroaches
  2 goblins (D:2)
  5 hobgoblins
  8 kobolds
  3 bats
  3 frilled lizards
  3 rats (D:1)
39 creatures vanquished.

Notes
Turn   | Place    | Note
-------+----------+-------------------------------------------
     0 | D:1      | ChocoNymphy the Naga Hunter began the quest for the Orb.
     0 | D:1      | Reached XP level 1. HP: 19/19 MP: 1/1
   440 | D:1      | Reached XP level 2. HP: 25/26 MP: 2/2
   504 | D:1      | Reached skill level 4 in Crossbows
   812 | D:2      | Found an opulent altar of Gozag.
   819 | D:2      | Became a worshipper of Gozag Ym Sagoz the Greedy
   868 | D:2      | Reached XP level 3. HP: 29/33 MP: 3/3
  1407 | D:2      | Reached XP level 4. HP: 39/40 MP: 4/4
  1902 | D:3      | Noticed an ogre
  1922 | D:3      | Slain by an ogre

Vault maps used:
D:1:      dpeg_arrival_tiny_h
D:2:      lemuel_upstairs_altar, old_standard_altar, minivault_25,
          minmay_shallow_snake_nest
D:3:      lemuel_crystal_altar, uniq_crazy_yiuf_cottage, uniq_terence,
          uniq_sigmund

Skill      XL: |  1  2 |
---------------+-------+-----
Crossbows      | 4 |  4.7
Fighting       | |  2.8
Armour         | |  0.7
Dodging        | |  1.8
Stealth        | |  1.7

Action                   |  1- 3 |  4- 6 || total
-------------------------+-------+-------++-------
 Fire: Hand crossbow     |    58 |    32 ||    90
  Use: Potion            |       |     5 ||     5
       Scroll            |       |     4 ||     4
  Eat: Fruit             |       |     3 ||     3
Armor: Leather armour    |     8 |     4 ||    12
       Skin              |       |     2 ||     2
Dodge: Dodged            |    10 |    21 ||    31
